 Seeded DCSS version 0.29.1-13-g9f3cf754e1 (webtiles) character file.

Game seed: 20230119 (custom seed)

664 stormannn the Insei (level 7, -2/46 HPs)
             Began as an Octopode Transmuter on Jan 19, 2023.
             Was an Initiate of Gozag.
             Killed from afar by an orc wizard (12 damage)
             ... with a magic dart
             ... on level 5 of the Dungeon.
             The game lasted 00:10:16 (6092 turns).

stormannn the Insei (Octopode Transmuter)           Turns: 6092, Time: 00:10:18

Health: -2/46      AC:  1    Str:  9    XL:     7   Next: 57%
Magic:  12/12      EV: 14    Int: 16    God:    Gozag
Gold:   125        SH:  7    Dex: 14    Spells: 11/12 levels left

rFire   . . .      SeeInvis .     - Unarmed
rCold   . . .      Faith    .   n - +3 buckler
rNeg    . . .      Spirit   .   (helmet currently unavailable)
rPois   .          Reflect  .   (no amulet)
rElec   .          Harm     .   m - ring of resist corrosion
rCorr   +          Rampage  .   (no ring)
Will    .....                   (no ring)
Stlth   ++........              (no ring)
HPRegen 0.15/turn               (no ring)
MPRegen 0.13/turn               (no ring)
                                (no ring)
                                (no ring)

@: appendages (expiring), gold aura
A: tentacle spike 3, almost no armour, amphibious, 8 rings, camouflage 1,
gelatinous body 1, (nimble swimmer 1), tentacles
a: End Transformation, Renounce Religion, Potion Petition, Call Merchant, Bribe
Branch


You were on level 5 of the Dungeon.
You worshipped Gozag.
Gozag was aware of your devotion.
One of your tentacles had grown a beastly spike.
You visited 2 branches of the dungeon, and saw 6 of its levels.

You collected 205 gold pieces.
You paid 80 gold pieces to Gozag.

Inventory:

Missiles
 f - 2 boomerangs
 o - 2 poisoned darts (quivered)
 q - a throwing net
Armour
 n - a +3 buckler (worn)
Jewellery
 m - a ring of resist corrosion (left tentacle)
Wands
 k - a wand of flame (45)
Scrolls
 d - a scroll of summoning
 j - 2 scrolls of teleportation
 p - a scroll of enchant weapon
Potions
 a - 3 potions of lignification
 b - a potion of flight
 c - 2 potions of degeneration
 g - a potion of berserk rage
 h - a potion of haste
 l - a potion of magic
 s - a potion of brilliance {unknown}
 t - a potion of attraction {unknown}
 u - a potion of mutation {unknown}


   Skills:
 + Level 3.3 Fighting
 + Level 3.8 Dodging
 * Level 2.7 Shields
 + Level 4.4 Unarmed Combat
 + Level 3.4 Spellcasting
 + Level 3.7 Transmutations


You had 11 spell levels left.
You knew the following spells:

 Your Spells              Type           Power      Damage    Failure   Level
a - Beastly Appendage     Tmut           28%        N/A       4%          1

Your spell library contained the following spells:

 Spells                   Type           Power      Damage    Failure   Level
 Wereblood                Tmut           14%        N/A       8%          2
 Spider Form              Tmut/Pois      8%         N/A       32%         3
 Scorch                   Fire           4%         2d5       34%         2
 Gell's Gravitas          Tloc           2%         N/A       56%         3
 Teleport Other           Tloc           2%         N/A       56%         3
 Ice Form                 Ice/Tmut       8%         N/A       71%         4
 Flame Wave               Conj/Fire      2%         2d4       93%         4
 Dispersal                Tloc           1%         N/A       100%        6
 Summon Cactus Giant      Summ           1%         N/A       100%        6


Dungeon Overview and Level Annotations

Branches:
Dungeon (5/15)             Temple (1/1) D:5

Altars:
Ashenzari
Dithmenos
Elyvilon
Fedhas
Gozag
Hepliaklqana
Kikubaaqudgha
Nemelex Xobeh
Okawaru
Qazlal
Sif Muna
Trog
Uskayaw
Vehumet
Xom
Yredelemnul
Zin
The Shining One

Shops:
D:4 ([!*[


Innate Abilities, Weirdness & Mutations

One of your tentacles has grown a beastly spike.
You cannot wear most types of armour.
You are amphibious.
You can wear up to eight rings at the same time.
Your skin changes colour to match your surroundings (Stealth+).
Your rubbery body absorbs attacks. (AC +1, EV +1)
((You are camouflaged when in or above water. (Stealth+)))
You have tentacles for arms and can constrict up to eight enemies at once.


Message History

Something tries to affect you, but you resist.
The orc throws a silver boomerang.
The silver boomerang hits you. The silver sears you!
You feel better.
You hear some strange, mumbled words.
A magic dart appears from out of thin air!
The magic dart hits you. Something hits you.
You feel better. Something hits you. x2
You miss something. Something hits you. x2
Something hits you.
The orc throws a silver boomerang.
Things that are here:
10 gold pieces; a book of Vapours You closely miss something.
Your tentacle spike misses something.
Something hits you. x2; The orc throws a silver boomerang.
The silver boomerang completely misses you.
You miss something.
Your tentacle spike misses something.
Your squeeze misses something. Something hits you.
* * * LOW HITPOINT WARNING * * *
Something hits you.
* * * LOW HITPOINT WARNING * * *
You tentacle-slap something but do no damage.
Your tentacle spike misses something.
You squeeze something! Something hits you.
* * * LOW HITPOINT WARNING * * *
You tentacle-slap something.
Reactivating autopickup.
You feel a bit more experienced. Something hits you but does no damage.
Deactivating autopickup; reactivate with Ctrl-A.
The orc barely misses you.
You barely miss something.
Your tentacle spike misses something.
Your squeeze misses something. Something completely misses you.
The orc barely misses you.
You closely miss the orc. Your grab misses the orc.
You pierce the orc.
The orc is heavily wounded.
Your transformation is almost over.
You hear some strange, mumbled words.
A magic dart appears from out of thin air!
The magic dart hits you!
You die...
Your body crumbles into a pile of gold.

#...### .# #.....#
.# ####..#..##.##
.............# .
.#.#....##.#.#
..#.#.#.##....#.#
...........#...#
#.##.#.##.#$..#
#....#.$$$o@..#
.#..$#.#{##.#
#.no#o#....#
.....o....{..#......
....#.#.#....#...###
..# #o#.#.##.....# .
. ........#..# ..
.##.#.#.# ## ## #.
..#.#..


You could see an orc.

Vanquished Creatures
  Sigmund (D:3)
  A black bear (D:4)
  A necrophage (D:5)
  A scorpion (D:4)
  2 hounds (D:5)
  An iguana (D:5)
  An orc wizard (D:5)
  3 gnolls
  9 adders
  A white imp (D:4)
  A worm (D:4)
  6 orcs
  4 endoplasms
  6 giant cockroaches
  4 goblins
  A hobgoblin (D:1)
  4 jackals (D:2)
  5 kobolds
  4 quokkas
  12 ball pythons
  4 bats
  2 frilled lizards (D:1)
  3 rats
77 creatures vanquished.

Notes
Turn   | Place    | Note
-------+----------+-------------------------------------------
     0 | D:1      | stormannn the Octopode Transmuter began the quest for the
                  | Orb.
     0 | D:1      | Reached XP level 1. HP: 13/13 MP: 3/3
   306 | D:1      | Reached XP level 2. HP: 15/18 MP: 3/5
  1210 | D:2      | Reached XP level 3. HP: 23/23 MP: 4/6
  1917 | D:2      | Found a faded altar of an unknown god.
  2185 | D:3      | Noticed Sigmund
  2197 | D:3      | Killed Sigmund
  2198 | D:3      | Reached XP level 4. HP: 21/30 MP: 6/8
  2198 | D:3      | Reached XP level 5. HP: 25/35 MP: 6/9
  2488 | D:3      | Reached XP level 6. HP: 33/41 MP: 10/10
  3469 | D:4      | Reached skill level 4 in Unarmed Combat
  3497 | D:4      | Reached skill level 1 in Shields
  3886 | D:4      | Found a shimmering altar of Xom.
  3887 | D:4      | Found a shimmering altar of Xom.
  3888 | D:4      | Found a shimmering altar of Xom.
  3889 | D:4      | Found a shimmering altar of Xom.
  3911 | D:4      | Found Xaownyc's Weapon Shop.
  3916 | D:4      | Found Nazitol's Antique Armour Shoppe.
  3916 | D:4      | Found Voc Rew's Distillery.
  4004 | D:4      | Found Untunaub's Antique Armour Shoppe.
  4004 | D:4      | Found Otroywou's Assorted Antiques.
  4687 | D:4      | Noticed a black bear
  4697 | D:4      | Killed a black bear
  4698 | D:4      | Reached XP level 7. HP: 23/46 MP: 11/11
  5194 | D:5      | Entered Level 5 of the Dungeon
  5587 | D:5      | Identified the +2 falchion of Peuk Kebla {holy, Will+}
  5657 | D:5      | Found a staircase to the Ecumenical Temple.
  5666 | Temple   | Entered the Ecumenical Temple
  5966 | Temple   | Became a worshipper of Gozag Ym Sagoz the Greedy
  6092 | D:5      | Killed from afar by an orc wizard

Illustrated notes

Levels and vault maps discovered:
D:1:      lemuel_arrival_behind_the_door_small, layout_loops_cross
D:2:      layout_basic, dreamdust_ecumenical_altar_angels_and_demons
D:3:      layout_basic, uniq_sigmund
D:4:      layout_rooms, xom_redecorated, nicolae_wooded_promenade,
          minmay_door_square, grunt_decor_mini_mirrors, minmay_curled_crystal,
          minmay_snake_closets
D:5:      minmay_general_purpose_star, layout_rooms, minmay_temple_entry_ruins
Temple:   minmay_temple_bridge_d

Skill      XL: |  1  2  3  4  5  6  7 |
---------------+----------------------+-----
Fighting       | 2 3 |  3.3
Dodging        | 3 |  3.8
Transmutations | 3 |  3.7
Spellcasting   | 3 |  3.4
Unarmed Combat | 4 |  4.4
Shields        | 1 2 |  2.7

Action                   |  1- 3 |  4- 6 |  7- 9 || total
-------------------------+-------+-------+-------++-------
Melee: Unarmed           |    92 |    66 |    56 ||   214
       Constrict         |    25 |    22 |    11 ||    58
       Kick              |    19 |    23 |    22 ||    64
       Tentacles         |    13 |    15 |    17 ||    45
       Punch             |     2 |     2 |     5 ||     9
Throw: Dart              |       |       |     2 ||     2
 Cast: Beastly Appendage |    23 |    18 |     8 ||    49
  Use: Scroll            |     4 |     1 |     8 ||    13
       Potion            |       |       |     8 ||     8
 Stab: Sleeping          |     5 |    12 |     3 ||    20
Armor: Skin              |     6 |     1 |     5 ||    12
Dodge: Dodged            |    64 |    34 |    32 ||   130
Block: Buckler           |       |    12 |    19 ||    31
